[Event "Team 45 45 League T62"]
[Site "Internet Chess Club"]
[Date "2014.09.04"]
[Round "1"]
[White "kllrchris"]
[Black "zap2"]
[Result "1-0"]
[WhiteElo "1719"]
[BlackElo "1815"]
[Opening "Caro-Kann: Panov-Botvinnik attack, 5...e6"]
[ECO "B14"]
[Time "14:05:45"]
[TimeControl "2700+45"]

1. e4 c6 2. d4 d5 3. exd5 cxd5 4. c4 Nf6 5. Nc3 e6 6. Nf3 Nc6 7. Bd3 Nb4 8. Bb1
dxc4 9. O-O a6 10. a4 b6 11. Ne5 Qc7 12. Qe2 Bb7 13. Bg5 Bd6 14. f4 Nbd5 15. f5
O-O 16. Nxd5 Nxd5 17. f6 g6 18. Rf3 c3 19. Rh3 Bxe5 20. dxe5 b5 21. Rxh7 Kxh7
22. Qh5+ Kg8 23. Qh6 Nxf6 24. exf6 Qc5+ 25. Be3 Qxe3+ 26. Qxe3 Rfd8 27. bxc3
Rd1+ 28. Kf2 Rad8 29. Qh6 R8d2+ 30. Ke3 {Black resigns} 1-0

[Event "Team 45 45 League T62"]
[Site "Internet Chess Club"]
[Date "2014.08.31"]
[Round "1"]
[White "Salvatore"]
[Black "Jyzzslynggur"]
[Result "1-0"]
[WhiteElo "1619"]
[BlackElo "1734"]
[Opening "French: Rubinstein variation"]
[ECO "C10"]
[Time "19:02:53"]
[TimeControl "2700+45"]

1. e4 e6 2. d4 d5 3. Nc3 dxe4 4. Nxe4 Nd7 5. Nf3 Ngf6 6. Bd3 Be7 7. Nxf6+ Nxf6
8. Qe2 O-O 9. Bg5 h6 10. Bh4 c5 11. dxc5 Qa5+ 12. c3 Qxc5 13. O-O-O Rd8 14. Rhe1
Nd7 15. Bxe7 Qxe7 16. h4 Nf8 17. g4 Qf6 18. g5 Qf4+ 19. Kb1 Bd7 20. gxh6 Qxh6
21. Rg1 Bc6 22. Rg3 Rd7 23. Rdg1 f6 24. Bc4 Bd5 25. Bxd5 Rxd5 26. Nd4 Re8 27.
Rxg7+ Qxg7 28. Rxg7+ Kxg7 29. Qg4+ Kf7 30. h5 Red8 31. h6 Rg5 32. Qh4 Ng6 33.
Qh3 Nf4 34. Qf3 e5 35. Qxb7+ Kg6 36. Qg7+ Kh5 37. Qxf6 Rdg8 38. h7 Rg1+ 39. Kc2
exd4 40. hxg8=Q Rxg8 41. Qxf4 dxc3 42. bxc3 Rg5 43. Qf7+ Kg4 44. f3+ Kh4 45.
Qh7+ Rh5 46. Qe4+ Kg5 47. f4+ Kh6 48. Qe6+ Kg7 49. f5 Rh2+ 50. Kb3 Rf2 51. Qg6+
Kf8 52. f6 a5 53. Qg7+ Ke8 54. Qe7# {Black checkmated} 1-0

[Event "Team 45 45 League T62"]
[Site "Internet Chess Club"]
[Date "2014.08.30"]
[Round "1"]
[White "BrianWood"]
[Black "kutch"]
[Result "1-0"]
[WhiteElo "1456"]
[BlackElo "1454"]
[Opening "English: three knights system"]
[ECO "A27"]
[Time "13:00:29"]
[TimeControl "2700+45"]

1. c4 Nc6 2. Nf3 e5 3. Nc3 Bc5 4. e3 Nf6 5. d3 d6 6. Be2 O-O 7. O-O h6 8. d4
exd4 9. exd4 Bb6 10. d5 Ne7 11. Be3 Ng6 12. Nd4 Bd7 13. a4 a6 14. a5 Ba7 15. b4
Ne5 16. Nf3 Re8 17. Bxa7 Rxa7 18. Nxe5 Rxe5 19. f4 Re3 20. Qd4 Rxc3 21. Qxc3 Bf5
22. Qd4 Ra8 23. h3 Qd7 24. g4 Bh7 25. Bd3 Bxd3 26. Qxd3 Re8 27. Rfe1 Kf8 28. Kf2
Rxe1 29. Rxe1 Qa4 30. g5 hxg5 31. fxg5 Ng8 32. Rb1 Qa2+ 33. Kg3 Ke8 34. Re1+ Ne7
35. Qe3 Kf8 36. Qxe7+ Kg8 37. Qe8+ Kh7 38. Qxf7 Qb3+ 39. Qf3 Qxc4 40. Qh5+ Kg8
41. Re8# {Black checkmated} 1-0

[Event "Team 45 45 League T62"]
[Site "Internet Chess Club"]
[Date "2014.08.31"]
[Round "1"]
[White "seattleblues"]
[Black "chessman64"]
[Result "1/2-1/2"]
[WhiteElo "1445"]
[BlackElo "1421"]
[Opening "Queen's pawn, Mason variation"]
[ECO "D00"]
[Time "04:59:32"]
[TimeControl "2700+45"]

1. d4 d5 2. Bf4 Nc6 3. e3 Nf6 4. Nd2 e6 5. c3 Bd6 6. Bg3 Bxg3 7. hxg3 e5 8. Bd3
exd4 9. exd4 Qe7+ 10. Ne2 O-O 11. Qc2 g6 12. O-O-O Ng4 13. Rdf1 Qf6 14. Nf4 Qd6
15. Nf3 Kg7 16. Ng5 Rh8 17. Re1 Bd7 18. f3 Nf6 19. Re3 Rae8 20. Rhe1 Rxe3 21.
Rxe3 Re8 22. Qe2 Rxe3 23. Qxe3 Qe7 24. Qd2 a5 25. Bc2 Na7 26. Nd3 h6 27. Nh3 b6
28. Ne5 Nc6 29. Nxc6 Bxc6 30. Nf4 Bd7 31. Nd3 Bf5 32. Ne5 Bxc2 33. Kxc2 c5 34.
g4 Nd7 35. f4 Nxe5 36. fxe5 c4 37. Qf4 Qe6 38. g3 b5 39. a3 a4 {Game drawn by
mutual agreement} 1/2-1/2

[Event "Team 45 45 League T62"]
[Site "Internet Chess Club"]
[Date "2014.09.05"]
[Round "1"]
[White "John3v16"]
[Black "ausya"]
[Result "1/2-1/2"]
[WhiteElo "1664"]
[BlackElo "1746"]
[Opening "King's Indian: London system"]
[ECO "A48"]
[Time "20:35:40"]
[TimeControl "2700+45"]

1. d4 Nf6 2. Nf3 g6 3. Bf4 Bg7 4. Nbd2 Nc6 5. c3 d5 6. h3 O-O 7. e3 Nd7 8. Bb5
a6 9. Ba4 Re8 10. O-O b5 11. Bb3 Nb6 12. Re1 e5 13. dxe5 Nxe5 14. Nxe5 Bxe5 15.
Bxe5 Rxe5 16. Nf3 Re6 17. e4 Bb7 18. exd5 Rxe1+ 19. Qxe1 Bxd5 20. Rd1 c6 21. Qe3
Qc7 22. Bxd5 Nxd5 23. Qc5 Rd8 24. Qd4 Re8 25. Qc5 Qb7 26. Nd4 Rc8 27. Qd6 Qe7
28. Qxe7 Nxe7 29. Nb3 Nd5 30. Na5 Kg7 31. Rd3 b4 32. c4 Ne7 33. Rd6 Kf8 34. Kf1
Ke8 35. Ke2 Rd8 36. Nb7 Rb8 37. Na5 Rd8 38. Nb7 Rb8 39. Na5 Rd8 {Game drawn by
repetition} 1/2-1/2

[Event "Team 45 45 League T62"]
[Site "Internet Chess Club"]
[Date "2014.08.30"]
[Round "1"]
[White "anna"]
[Black "RD1974"]
[Result "1/2-1/2"]
[WhiteElo "1821"]
[BlackElo "1678"]
[Opening "French: advance, Paulsen attack"]
[ECO "C02"]
[Time "10:32:06"]
[TimeControl "2700+45"]

1. e4 e6 2. d4 d5 3. e5 c5 4. c3 Nc6 5. Nf3 Qb6 6. a3 c4 7. Be2 Bd7 8. O-O h6 9.
Qc2 Na5 10. Nbd2 Ne7 11. Rb1 Nf5 12. Re1 Be7 13. Nf1 Nb3 14. Ne3 g6 15. h3 Ba4
16. Bd2 Qb5 17. Bd1 Nc5 18. Qc1 Nd3 19. Bxa4 Qxa4 20. Qd1 Qxd1 21. Rexd1 b5 22.
Ne1 Nxe3 23. Bxe3 Nxe1 24. Rxe1 Kd7 25. Kf1 a6 26. Ke2 Kc6 27. Kd2 Rag8 {Game
drawn by mutual agreement} 1/2-1/2

[Event "Team 45 45 League T62"]
[Site "Internet Chess Club"]
[Date "2014.09.07"]
[Round "1"]
[White "bluesun"]
[Black "Pierrekurdy"]
[Result "0-1"]
[WhiteElo "1493"]
[BlackElo "1604"]
[Opening "Pirc: Austrian attack, dragon formation"]
[ECO "B09"]
[Time "10:00:56"]
[TimeControl "2700+45"]

1. e4 d6 2. d4 Nf6 3. Nc3 g6 4. f4 Bg7 5. Nf3 c5 6. Bb5+ Bd7 7. Bxd7+ Nfxd7 8.
O-O cxd4 9. Nxd4 O-O 10. Be3 Nb6 11. Qd3 N8d7 12. b4 Rc8 13. Rf3 Qc7 14. Bf2 a6
15. Kh1 e5 16. Nde2 exf4 17. Bd4 Ne5 18. Bxe5 Bxe5 19. Rc1 g5 20. h3 h5 21. g4
h4 22. Nd5 Nxd5 23. Qxd5 Qc4 24. Qxc4 Rxc4 25. c3 Rxe4 26. Re1 Rc8 27. Kg2 Bxc3
28. Rc1 Rxe2+ 29. Kf1 Re3 30. Rxe3 fxe3 31. Ke2 d5 32. Kxe3 Re8+ 33. Kd3 Bxb4
34. Kd4 Re2 35. Kxd5 Rxa2 36. Rh1 a5 37. Kc4 Rc2+ 38. Kb3 Rf2 39. Kc4 b6 40. Kb5
Bc5 41. Rc1 Rf3 42. Rh1 Rb3+ 43. Ka4 Rb4+ 44. Ka3 Rb1+ 45. Ka4 Rxh1 46. Kb5 Rxh3
47. Ka4 Ra3+ 48. Kb5 h3 49. Kc4 h2 50. Kb5 h1=Q 51. Kc4 Qe4+ 52. Kb5 Rb3+ 53.
Ka6 Qa8# {White checkmated} 0-1

[Event "Team 45 45 League T62"]
[Site "Internet Chess Club"]
[Date "2014.09.01"]
[Round "1"]
[White "KnightOfLight"]
[Black "backrankbrawler"]
[Result "0-1"]
[WhiteElo "1648"]
[BlackElo "1791"]
[Opening "Trompowsky attack (Ruth, Opocenský opening)"]
[ECO "A45"]
[Time "08:30:12"]
[TimeControl "2700+45"]

1. d4 Nf6 2. Bg5 Ne4 3. Bh4 c5 4. f3 Qa5+ 5. c3 Nf6 6. e4 cxd4 7. Qxd4 Nc6 8.
Qe3 d6 9. Na3 a6 10. Nc4 Qc7 11. Nb6 Rb8 12. Ne2 Be6 13. Nf4 Bd7 14. Bxf6 gxf6
15. Nfd5 Qd8 16. b4 Be6 17. a4 Bg7 18. b5 Ne5 19. bxa6 bxa6 20. Bxa6 O-O 21. O-O
Bxd5 22. Nxd5 e6 23. Nb4 Qc7 24. Rfd1 Rfd8 25. Bb5 Rbc8 26. Rac1 Nc4 27. Bxc4
Qxc4 28. Ra1 f5 29. Qg5 fxe4 30. fxe4 Qxc3 31. Nd3 Qd4+ 32. Nf2 Qa7 33. Ra3 Rd7
34. Rg3 f5 35. exf5 exf5 36. Qxf5 Qxa4 37. Ne4 Qxd1+ 38. Kf2 Rc2+ 39. Ke3 Qe2+
40. Kf4 Qf1+ 41. Rf3 Be5+ 42. Kg4 Rxg2+ 43. Ng3 Rg7+ 44. Kh3 R2xg3+ {White
resigns} 0-1

[Event "Team 45 45 League T62"]
[Site "Internet Chess Club"]
[Date "2014.08.28"]
[Round "1"]
[White "amicusUK"]
[Black "Betamax"]
[Result "1/2-1/2"]
[WhiteElo "1622"]
[BlackElo "1593"]
[Opening "Queen's pawn game"]
[ECO "D04"]
[Time "14:01:52"]
[TimeControl "2700+45"]

1. d4 d5 2. Nf3 Nf6 3. e3 Bf5 4. c4 dxc4 5. Bxc4 e6 6. O-O Bd6 7. Nbd2 O-O 8. h3
h6 9. Re1 Ne4 10. Nxe4 Bxe4 11. Bd3 Bxd3 12. Qxd3 c5 13. Rd1 Qe7 14. dxc5 Bxc5
15. b3 Nc6 16. Bb2 Rfd8 17. Qc3 f6 18. a3 a5 19. Qc2 Rxd1+ 20. Rxd1 b6 21. Nd4
Nxd4 22. Bxd4 Rd8 23. Bxc5 Rxd1+ 24. Qxd1 Qxc5 {Game drawn by mutual agreement}
1/2-1/2

[Event "Team 45 45 League T62"]
[Site "Internet Chess Club"]
[Date "2014.08.30"]
[Round "1"]
[White "moto"]
[Black "losscause"]
[Result "0-1"]
[WhiteElo "1451"]
[BlackElo "1607"]
[Opening "Caro-Kann defense"]
[ECO "B10"]
[Time "17:00:50"]
[TimeControl "2700+45"]

1. e4 c6 2. f4 d5 3. e5 Bf5 4. Nf3 e6 5. Be2 c5 6. Bb5+ Nc6 7. Bxc6+ bxc6 8. Nc3
Ne7 9. O-O d4 10. Ne2 Nd5 11. c3 d3 12. Ng3 Be7 13. c4 Nxf4 14. Nxf5 Ne2+ 15.
Kh1 exf5 16. Ng1 Nd4 17. Nf3 Nc2 18. Rb1 Rb8 19. Ne1 Na3 20. Ra1 Nxc4 21. Rxf5
Qd4 22. Nf3 Qe4 23. Rh5 g6 24. Rh3 Nxe5 25. Nxe5 Qxe5 26. Rxd3 O-O 27. Re3 Qd6
28. Rb1 Bf6 29. b3 Rfe8 30. Rxe8+ Rxe8 31. h3 Qd3 32. Bb2 Bh4 33. Qg1 Qxb1 34.
Qxb1 Re1+ 35. Qxe1 Bxe1 36. d3 Bg3 37. Kg1 f5 38. Kf1 Kf7 39. Ke2 Ke6 40. Kf3
Bd6 41. g4 fxg4+ 42. hxg4 Kd5 43. Ke3 Be5 44. Bxe5 Kxe5 45. Kf3 Kd4 46. Ke2 h5
47. Kd2 hxg4 {White resigns} 0-1

[Event "Team 45 45 League T62"]
[Site "Internet Chess Club"]
[Date "2014.08.31"]
[Round "1"]
[White "stanbeers"]
[Black "arconia"]
[Result "1-0"]
[WhiteElo "1518"]
[BlackElo "1280"]
[Opening "English: symmetrical variation"]
[ECO "A30"]
[Time "20:00:25"]
[TimeControl "2700+45"]

1. c4 c5 2. g3 Nc6 3. Bg2 e6 4. Nf3 Nf6 5. O-O Be7 6. d4 cxd4 7. Nxd4 O-O 8. Nc3
a6 9. b3 Bc5 10. Be3 Ba7 11. h3 d5 12. Rb1 Ne7 13. cxd5 exd5 14. Qc2 Bxd4 15.
Bxd4 Bf5 16. e4 dxe4 17. Bxf6 gxf6 18. Rbd1 Qc7 19. Qd2 Kg7 20. Nxe4 Ng8 21. Qb4
Bg6 22. Nd6 f5 23. Bxb7 Rab8 24. Qd4+ f6 25. Bxa6 Rbd8 26. Bc4 h5 27. Qf4 Qb6
28. Nxf5+ Bxf5 29. Qxf5 Rxd1 30. Rxd1 Nh6 31. Qxh5 Qc7 32. Qb5 Rd8 33. Rxd8 Qxd8
34. Qb7+ Kh8 35. Qf3 Qe8 {Black resigns} 1-0

[Event "Team 45 45 League T62"]
[Site "Internet Chess Club"]
[Date "2014.08.31"]
[Round "1"]
[White "cyborg86"]
[Black "NFork"]
[Result "0-1"]
[WhiteElo "1931"]
[BlackElo "2110"]
[Opening "Caro-Kann: Steinitz variation"]
[ECO "B17"]
[Time "15:33:59"]
[TimeControl "2700+45"]

1. e4 c6 2. d4 d5 3. Nc3 dxe4 4. Nxe4 Nd7 5. Nf3 Ngf6 6. Nxf6+ Nxf6 7. Be2 Bf5
8. Bf4 e6 9. c3 Bd6 10. Be5 O-O 11. O-O Ng4 12. Bxd6 Qxd6 13. h3 Nf6 14. Bd3 Qf4
15. Bxf5 exf5 16. Re1 Ne4 17. Qe2 Rfe8 18. Rad1 Re6 19. Qe3 Qd6 20. Qd3 Rae8 21.
d5 cxd5 22. Qxd5 Qb6 23. Nd4 Nxc3 24. bxc3 Rxe1+ 25. Rxe1 Rxe1+ 26. Kh2 Qc7+ 27.
g3 f4 28. Nf5 fxg3+ 29. Nxg3 g6 30. Qd4 Rc1 31. Qxa7 Rxc3 32. Qd4 Rxg3 33. fxg3
Qc2+ 34. Kg1 Qb1+ 35. Kg2 Qxa2+ 36. Kf3 Qa5 37. Qd6 Qc3+ 38. Kg2 Qc6+ 39. Qxc6
bxc6 40. Kf3 {White resigns} 0-1

[Event "Team 45 45 League T62"]
[Site "Internet Chess Club"]
[Date "2014.08.30"]
[Round "1"]
[White "SlimeDog2"]
[Black "junard"]
[Result "0-1"]
[WhiteElo "2028"]
[BlackElo "2026"]
[Opening "QGD Slav: 4.e3"]
[ECO "D11"]
[Time "23:03:30"]
[TimeControl "2700+45"]

1. d4 d5 2. Nf3 Nf6 3. c4 c6 4. e3 a6 5. b3 Bg4 6. Nc3 e6 7. h3 Bxf3 8. gxf3 Bb4
9. Bb2 O-O 10. a3 Bd6 11. Bd3 e5 12. dxe5 Bxe5 13. f4 Bc7 14. cxd5 cxd5 15. Rg1
g6 16. Qc2 d4 17. Ne2 dxe3 18. fxe3 Bb6 19. f5 Bxe3 20. Rg3 Qb6 21. fxg6 fxg6
22. Rf3 Nbd7 23. Bxg6 Bh6 24. Bxh7+ Kh8 25. Rd1 Bg7 26. Qg6 Qe6 27. Rg3 Rf7 28.
Rd6 Qe7 29. Rdd3 Nf8 30. Qf5 N8xh7 31. Rde3 Qd7 32. Re6 Re8 33. Rxg7 Kxg7 34.
Nf4 Kg8 {White resigns} 0-1

[Event "Team 45 45 League T62"]
[Site "Internet Chess Club"]
[Date "2014.08.28"]
[Round "1"]
[White "tamtu"]
[Black "Goli"]
[Result "1-0"]
[WhiteElo "2032"]
[BlackElo "1827"]
[Opening "King's Indian: Makagonov system (5.h3)"]
[ECO "E71"]
[Time "17:35:11"]
[TimeControl "2700+45"]

1. d4 Nf6 2. c4 g6 3. Nc3 Bg7 4. e4 d6 5. h3 O-O 6. Bg5 Nbd7 7. Nf3 c5 8. d5 a6
9. a4 h6 10. Be3 Qa5 11. Bd2 Qd8 12. Be2 e6 13. O-O exd5 14. exd5 Re8 15. Bd3
Ne5 16. Nxe5 Rxe5 17. Bf4 Re8 18. Qd2 Kh7 19. a5 Nh5 20. Bh2 Be5 21. Bxe5 Rxe5
22. f4 Re8 23. f5 Kg7 24. fxg6 fxg6 25. Rf3 Rf8 26. Rxf8 Qxf8 27. Rf1 Qe7 28.
Rf3 Bd7 29. Ne4 Rf8 30. Re3 Re8 31. Qc3+ Kh7 32. g4 Bf5 33. Ng5+ Qxg5 34. Rxe8
Nf6 35. Re7+ Kg8 36. Bxf5 gxf5 37. Qe3 Qxe3+ 38. Rxe3 fxg4 39. hxg4 Nxg4 40. Re7
Ne5 41. b3 Nf3+ 42. Kf2 Nd4 43. Rxb7 h5 44. Rb6 Kg7 45. Rxd6 Nxb3 46. Rxa6 Kf7
47. Kg3 Nd2 48. Re6 Nxc4 49. a6 {Black resigns} 1-0

[Event "Team 45 45 League T62"]
[Site "Internet Chess Club"]
[Date "2014.08.28"]
[Round "1"]
[White "jt2000"]
[Black "chess09"]
[Result "1-0"]
[WhiteElo "1987"]
[BlackElo "1939"]
[Opening "Sicilian"]
[ECO "B56"]
[Time "19:17:55"]
[TimeControl "2700+45"]

1. e4 c5 2. Nf3 d6 3. d4 cxd4 4. Nxd4 Nf6 5. Nc3 Nc6 6. Be3 e5 7. Nf3 Be7 8. Bc4
O-O 9. Bg5 h6 10. Bxf6 Bxf6 11. O-O a6 12. Bd5 Be6 13. Nd2 Rb8 14. Re1 Ne7 15.
Nf1 Qb6 16. Bb3 Rfd8 17. Ne3 Qd4 18. Qe2 b5 19. Red1 Qc5 20. Ned5 Nxd5 21. Nxd5
Bg5 22. a4 Kh8 23. Rd3 f5 24. Rc3 Qd4 25. axb5 axb5 26. Nc7 Bxb3 27. Rxb3 Qxe4
28. Qxe4 fxe4 29. Rxb5 Rxb5 30. Nxb5 d5 31. Nc3 e3 32. f3 d4 33. Ne4 Rb8 34. Rb1
Be7 35. Kf1 Kg8 36. Ke2 Ba3 37. b3 Rc8 38. Kd3 Bb4 39. Rb2 Kf7 40. Ra2 Ke6 41.
Ng3 Kd5 42. Ne2 g5 43. Ra4 Rb8 44. Ng3 Be1 45. Ne4 Rb6 46. Ra7 Bb4 47. Rd7+ Ke6
48. Rh7 Kf5 49. Rg7 Rc6 50. g4+ Ke6 51. Rg6+ Kd7 52. Rxc6 Kxc6 53. Ng3 Kd5 54.
Nf5 Bf8 55. c3 dxc3 56. Nxe3+ Kc5 57. Kxc3 Bg7 58. Nf5 Bf6 59. b4+ Kb5 60. Kb3
Bd8 61. h3 Kc6 62. Kc4 Bb6 63. Nxh6 Kd6 64. Nf7+ Ke6 65. Nxg5+ {Black resigns}
1-0

[Event "Team 45 45 League T62"]
[Site "Internet Chess Club"]
[Date "2014.08.31"]
[Round "1"]
[White "martineden"]
[Black "Agarnez"]
[Result "0-1"]
[WhiteElo "1895"]
[BlackElo "1997"]
[Opening "King's Indian: Zinnowitz variation"]
[ECO "E90"]
[Time "09:53:21"]
[TimeControl "2700+45"]

1. d4 Nf6 2. Nf3 g6 3. c4 Bg7 4. Nc3 d6 5. e4 O-O 6. Bg5 h6 7. Bf4 Nbd7 8. Qd2
g5 9. Be3 Ng4 10. Bd3 e5 11. d5 Nxe3 12. Qxe3 Nc5 13. Bc2 a5 14. O-O f5 15. exf5
Bxf5 16. Bxf5 Rxf5 17. Nd2 g4 18. Nde4 b6 19. Nxc5 bxc5 20. Ne4 Rb8 21. b3 Rf4
22. f3 Qd7 23. Ng3 gxf3 24. Rxf3 Rxf3 25. gxf3 e4 26. Rd1 Bd4 27. Rxd4 cxd4 28.
Qxe4 Rf8 29. Qg6+ Qg7 30. Qe6+ Kh8 31. Kf2 Qg5 32. Qe4 Qd2+ 33. Qe2 Qxe2+ 34.
Nxe2 d3 35. Nd4 Rf4 36. Ne6 Rh4 37. Ke3 Rxh2 38. Kxd3 h5 39. c5 dxc5 40. Nxc7
Kg8 41. d6 Kf7 42. Ke4 h4 43. Kf4 Rxa2 44. Kg4 Rb2 45. Kxh4 Rxb3 46. f4 Rd3 47.
Nb5 a4 48. Kh5 a3 {White resigns} 0-1

[Event "Team 45 45 League T62"]
[Site "Internet Chess Club"]
[Date "2014.08.31"]
[Round "1"]
[White "willhelm"]
[Black "fledermaus"]
[Result "1/2-1/2"]
[WhiteElo "1890"]
[BlackElo "1911"]
[Opening "QGD: classical variation (5.Bf4)"]
[ECO "D37"]
[Time "16:00:56"]
[TimeControl "2700+45"]

1. d4 d5 2. Nf3 Nf6 3. c4 e6 4. Nc3 Be7 5. Bf4 c5 6. dxc5 Nc6 7. cxd5 Nxd5 8.
Nxd5 exd5 9. e3 Bxc5 10. Be2 Bb4+ 11. Kf1 O-O 12. h3 Be6 13. Nd4 Bd6 14. Bxd6
Qxd6 15. g3 Rac8 16. Kg2 Ne5 17. b3 a6 18. Qd2 Bd7 19. Rhd1 Qh6 20. h4 Qg6 21.
Bd3 Qg4 22. Rh1 Nc6 23. Be2 Qg6 24. Rac1 Ne5 25. Rxc8 Rxc8 26. Rc1 Qe4+ 27. f3
Qg6 28. Rxc8+ Bxc8 29. Qc2 Qxc2 30. Nxc2 Kf8 31. Kf2 Ke7 32. Ke1 Kd6 33. Kd2 a5
34. Nd4 Kc5 35. Kc3 Bd7 36. f4 Ng6 37. a3 Ne7 38. b4+ axb4+ 39. axb4+ Kd6 40.
Bf3 Nc8 41. Nb3 b6 42. Nd4 h6 43. Be2 f6 44. Ba6 Ne7 45. Bd3 Kc7 46. Kb3 {Game
drawn by mutual agreement} 1/2-1/2

[Event "Team 45 45 League T62"]
[Site "Internet Chess Club"]
[Date "2014.08.31"]
[Round "1"]
[White "SaltofLife"]
[Black "backrankbrawler"]
[Result "1/2-1/2"]
[WhiteElo "1899"]
[BlackElo "1780"]
[Opening "King's Indian: Petrosian system, main line"]
[ECO "E93"]
[Time "15:00:23"]
[TimeControl "2700+45"]

1. d4 Nf6 2. c4 g6 3. Nc3 Bg7 4. e4 d6 5. Be2 O-O 6. Nf3 e5 7. d5 Nbd7 8. Bg5 h6
9. Bh4 Nc5 10. Nd2 g5 11. Bg3 a5 12. h4 Nh7 13. b3 f5 14. f3 g4 15. fxg4 fxg4
16. Bf2 Rxf2 17. Kxf2 Qf6+ 18. Ke1 Qf4 19. Qc1 Qg3+ 20. Kd1 Bd7 21. Bf1 Rf8 22.
Kc2 h5 23. Qe1 Qf4 24. g3 Qf7 25. Bd3 Nf6 26. Rf1 Qg6 27. a3 c6 28. dxc6 bxc6
29. b4 Nxd3 30. Kxd3 d5 31. bxa5 Be6 32. cxd5 cxd5 33. Rb1 dxe4+ 34. Ndxe4 Rd8+
35. Kc2 Bf5 36. Rb4 Rd4 37. Rxf5 Qxf5 38. Kb2 Rd8 39. Qe3 Nxe4 40. Nxe4 Qf3 41.
Rb3 Qg2+ 42. Kc1 Qf1+ 43. Kc2 Qg2+ 44. Nd2 e4 45. Rb7 Rc8+ 46. Kd1 Qh1+ 47. Ke2
Rf8 48. Rxg7+ Kxg7 49. Qg5+ Kf7 50. Qxh5+ Ke7 51. Qc5+ Ke8 52. Qe5+ Kd8 53. Qb8+
Ke7 54. Qb7+ Kd8 55. Qa8+ Ke7 56. Qa7+ Ke8 57. Qa8+ Kf7 58. Qd5+ Kg7 59. Qg5+
Kf7 60. Qh5+ Ke7 61. Qxg4 Qg2+ 62. Kd1 Qg1+ 63. Kc2 Qc5+ 64. Kd1 Qg1+ 65. Kc2
{Game drawn by mutual agreement} 1/2-1/2

[Event "Team 45 45 League T62"]
[Site "Internet Chess Club"]
[Date "2014.08.30"]
[Round "1"]
[White "SlimeDog2"]
[Black "tamtu"]
[Result "0-1"]
[WhiteElo "2046"]
[BlackElo "2049"]
[Opening "QGD Slav: exchange variation, 6.Bf4 Bf5"]
[ECO "D14"]
[Time "02:33:36"]
[TimeControl "2700+45"]

1. d4 d5 2. Nf3 Nf6 3. c4 c6 4. cxd5 cxd5 5. Nc3 Nc6 6. Bf4 Bf5 7. Qb3 Na5 8.
Qa4+ Bd7 9. Qc2 Rc8 10. e3 e6 11. Bd3 b5 12. a3 Be7 13. O-O O-O 14. Qe2 Nc4 15.
Ne5 Be8 16. Rfc1 Nd7 17. e4 Ndxe5 18. dxe5 Bg5 19. Bxg5 Qxg5 20. exd5 Nxe5 21.
Bxb5 Bxb5 22. Qxb5 exd5 23. Rd1 d4 24. f4 Nf3+ 25. Kf2 Qxf4 {White resigns} 0-1

[Event "Team 45 45 League T62"]
[Site "Internet Chess Club"]
[Date "2014.08.30"]
[Round "1"]
[White "achessman"]
[Black "sharky123"]
[Result "1-0"]
[WhiteElo "1951"]
[BlackElo "1769"]
[Opening "Caro-Kann: Panov-Botvinnik attack"]
[ECO "B13"]
[Time "06:09:39"]
[TimeControl "2700+45"]

1. e4 c6 2. d4 d5 3. exd5 cxd5 4. c4 Nf6 5. Nf3 Nc6 6. c5 Bg4 7. Bb5 Qa5+ 8. Nc3
Ne4 9. O-O Nxc3 10. Bxc6+ bxc6 11. bxc3 Qxc3 12. Qa4 Bd7 13. Rb1 e6 14. Ne5 Rd8
15. Rb3 Qc2 16. Nxd7 Qf5 17. Ne5 Be7 18. Nxc6 Ra8 19. Nb8+ Kf8 20. Qc6 g6 21.
Bh6+ Kg8 22. Qe8+ Bf8 23. Qxf8# {Black checkmated} 1-0

[Event "Team 45 45 League T62"]
[Site "Internet Chess Club"]
[Date "2014.08.29"]
[Round "1"]
[White "Holzschlange"]
[Black "ghostfire"]
[Result "1-0"]
[WhiteElo "1809"]
[BlackElo "1728"]
[Opening "QGD Slav: 3.Nf3"]
[ECO "D11"]
[Time "20:00:10"]
[TimeControl "2700+45"]

1. Nf3 d5 2. d4 c6 3. c4 Nf6 4. Qc2 Ne4 5. g3 Bf5 6. Qb3 b6 7. Bg2 e6 8. O-O Be7
9. Nc3 Nxc3 10. bxc3 O-O 11. Bf4 Nd7 12. h4 h6 13. Nd2 Nf6 14. cxd5 cxd5 15.
Rfd1 Rc8 16. c4 Ng4 17. e4 dxe4 18. Nxe4 Nf6 19. Nxf6+ Bxf6 20. Bb7 Qd7 21. Bxc8
Rxc8 22. Rac1 Qb7 23. d5 exd5 24. cxd5 Rxc1 25. Bxc1 Qe7 26. Qe3 Qd7 27. Kh2 Qa4
28. Qe2 Bc2 29. Rd2 Bf5 30. Bb2 Bxh4 31. Rd4 Bxg3+ 32. fxg3 Qxa2 33. Rd2 Qb1 34.
Qe8+ Kh7 35. Qxf7 {Black resigns} 1-0

[Event "Team 45 45 League T62"]
[Site "Internet Chess Club"]
[Date "2014.08.29"]
[Round "1"]
[White "Constrictor"]
[Black "Warpdrive"]
[Result "1/2-1/2"]
[WhiteElo "1674"]
[BlackElo "1640"]
[Opening "King's Indian, 3.Nf3"]
[ECO "E61"]
[Time "20:02:08"]
[TimeControl "2700+45"]

1. Nf3 Nf6 2. d4 g6 3. c4 Bg7 4. Nc3 O-O 5. Bg5 d6 6. Qd2 Nbd7 7. Bh6 e5 8. Bxg7
Kxg7 9. e4 Re8 10. O-O-O Qe7 11. Re1 a6 12. Be2 c6 13. h4 Nh5 14. g4 Nf4 15. h5
g5 16. h6+ Kh8 17. Kb1 Nf8 18. Ng1 N8g6 19. Nh3 Nxh3 20. Rxh3 Nf4 21. Rh2 Be6
22. f3 f6 23. d5 {Game drawn by mutual agreement} 1/2-1/2

[Event "Team 45 45 League T62"]
[Site "Internet Chess Club"]
[Date "2014.08.27"]
[Round "1"]
[White "thecube"]
[Black "DARKwizard1"]
[Result "1-0"]
[WhiteElo "1839"]
[BlackElo "2066"]
[Opening "QGD: Ragozin variation"]
[ECO "D38"]
[Time "21:06:52"]
[TimeControl "2700+45"]

1. d4 Nf6 2. c4 e6 3. Nf3 d5 4. Nc3 Bb4 5. cxd5 exd5 6. Bg5 c6 7. Qc2 h6 8. Bh4
g5 9. Bg3 Ne4 10. Nd2 Bf5 11. Ndxe4 Bxe4 12. Qd2 Nd7 13. a3 Qa5 14. Rc1 Bxc3 15.
Rxc3 O-O-O 16. Rxc6+ {Black resigns} 1-0

[Event "Team 45 45 League T62"]
[Site "Internet Chess Club"]
[Date "2014.08.29"]
[Round "1"]
[White "LittleButton"]
[Black "pokerram"]
[Result "1/2-1/2"]
[WhiteElo "1921"]
[BlackElo "1678"]
[Opening "King's Indian: Torre attack"]
[ECO "A48"]
[Time "14:00:10"]
[TimeControl "2700+45"]

1. d4 Nf6 2. Nf3 g6 3. Bg5 Bg7 4. Nbd2 d5 5. e3 O-O 6. Bd3 Nbd7 7. O-O Re8 8. c4
c5 9. Qb3 cxd4 10. exd4 dxc4 11. Bxc4 e6 12. Rac1 Nb6 13. Bd3 h6 14. Bh4 Bd7 15.
Rfe1 Ba4 16. Qb4 Bf8 {Game drawn by mutual agreement} 1/2-1/2

[Event "Team 45 45 League T62"]
[Site "Internet Chess Club"]
[Date "2014.08.28"]
[Round "1"]
[White "Schachteufel"]
[Black "chessjav"]
[Result "0-1"]
[WhiteElo "1548"]
[BlackElo "1878"]
[Opening "Caro-Kann: advance variation"]
[ECO "B12"]
[Time "14:21:53"]
[TimeControl "2700+45"]

1. e4 c6 2. d4 d5 3. e5 Bf5 4. h4 h5 5. c4 e6 6. Nc3 Ne7 7. Bg5 Qb6 8. Qd2 Nd7
9. c5 Qc7 10. Nge2 Bg6 11. Ng3 Nf5 12. Nxf5 Bxf5 13. Bd3 g6 14. Bxf5 gxf5 15.
Rh3 b6 16. b4 a5 17. b5 bxc5 18. bxc6 Qxc6 19. Rc1 c4 20. Kf1 Bb4 21. Qe2 Qb6
22. Be3 a4 23. Rg3 Nf8 24. Rg5 Ng6 25. Rxh5 Rxh5 26. Qxh5 f4 27. Qh6 fxe3 28. h5
Nf8 29. Nxd5 Qa5 30. Nf6+ Kd8 31. fxe3 Rc8 32. Qg7 Ba3 33. Qxf7 Bxc1 34. Qxf8+
Kc7 35. Qd6+ Kb7 36. Qxe6 Bxe3 37. d5 Qb5 38. Ke2 c3+ 39. Kxe3 c2 40. d6 c1=Q+
41. Ke4 Qbb1+ {White resigns} 0-1